 Dungeon Crawl Stone Soup version 0.19-a0-1238-gee6bd96 (webtiles) character file.

239 JustSomeDude the Covered (level 5, -2/42 HPs)
             Began as a Demonspawn Fighter on Aug 26, 2016.
             Slain by inmateoo's ghost (10 damage)
             ... on level 3 of the Dungeon.
             The game lasted 00:02:44 (1876 turns).

JustSomeDude the Covered (Demonspawn Fighter)       Turns: 1876, Time: 00:02:45

Health: -2/42      AC:  8    Str: 18    XL:     5   Next: 79%
Magic:  5/5        EV:  7    Int:  9    God:
Gold:   216        SH:  9    Dex: 12    Spells: 0 memorised, 4 levels left

rFire  + . .     SeeInvis .     a - +0 trident
rCold  . . .     Gourm    .     b - +0 scale mail
rNeg   . . .     Faith    .     c - +0 shield
rPois  .         Spirit   .     (helmet restricted)
rElec  .         Dismiss  .     n - +0 cloak
rCorr  .         Reflect  .     (no gloves)
MR     .....     Harm     .     (no boots)
Stlth  ..........               (no amulet)
                                (no ring)
                                (no ring)

@: no status effects
A: horns 1, fire resistance 1, spiny 1
a: no special abilities


You were on level 3 of the Dungeon.
You were not hungry.

You visited 1 branch of the dungeon, and saw 3 of its levels.

You collected 216 gold pieces.

Inventory:

Hand Weapons
 a - a +0 trident (weapon)
Armour
 b - a +0 scale mail (worn)
 c - a +0 shield (worn)
 n - a +0 cloak (worn)
Scrolls
 e - a scroll of remove curse {unknown}
 g - a scroll of amnesia {unknown}
 h - a scroll of enchant weapon {unknown}
 j - a scroll of fear {unknown}
 k - a scroll of fog {unknown}
 l - a scroll of noise {unknown}
 o - a scroll of enchant armour {unknown}
 r - 3 scrolls of identify {unknown}
Potions
 d - a potion of might
 i - 2 potions of heal wounds {unknown}
 m - 2 potions of brilliance {unknown}
 q - a potion of haste {unknown}
Comestibles
 f - 2 bread rations
 p - a royal jelly
 s - a chunk of flesh


   Skills:
 + Level 3.7 Fighting
 + Level 2.9 Polearms
 + Level 4.0 Armour
 + Level 1.2 Dodging
 + Level 3.6 Shields


You had 4 spell levels left.
You didn't know any spells.

Dungeon Overview and Level Annotations

Branches:
Dungeon (3/15)

Altars:

Annotations:
D:3 inmateoo's ghost, amateur DrFi


Innate Abilities, Weirdness & Mutations

You have a pair of small horns on your head.
Your flesh is heat resistant. (rF+)
You are partially covered in sharp spines.


Message History

Inmateoo's ghost hits you.
Your shield and scale mail prevent you from hitting inmateoo's ghost.
Inmateoo's ghost is severely damaged.
Inmateoo's ghost hits you but does no damage.
Inmateoo's ghost hits you!
* * * LOW HITPOINT WARNING * * *
Inmateoo's ghost whispers, "The ORB doesn't exist."
You puncture inmateoo's ghost!
Inmateoo's ghost is almost destroyed.
Inmateoo's ghost hits you.
* * * LOW HITPOINT WARNING * * *
Your shield prevents you from hitting inmateoo's ghost.
Inmateoo's ghost is almost destroyed.
You block inmateoo's ghost's attack.
You hit inmateoo's ghost.
Inmateoo's ghost is almost destroyed.
You block inmateoo's ghost's attack. Inmateoo's ghost hits you.
* * * LOW HITPOINT WARNING * * *
You are electrocuted!
You die...

#.##.# #.........)
#.##.# #)#########
#.##.# #.#
#.##.###.#########
#.##>.............
#.##############..
#)# #.. #.# #..
#@# #.. #W# ###
#K# #.# #.# #.#
#.# ############
#.# #...........
#.########.#
#.##########


You could see inmateoo's ghost and a kobold.

Vanquished Creatures
  A sky beast (D:3)
  2 orc wizards (D:3)
  2 gnolls
  An adder (D:2)
  2 oozes
  2 worms (D:2)
  2 dart slugs
  A giant gecko (D:1)
  3 orcs (D:3)
  3 giant cockroaches
  A goblin (D:3)
  2 hobgoblins
  2 jackals (D:2)
  7 kobolds
  A quokka (D:2)
  A ball python (D:3)
  9 bats
  6 giant newts
  5 rats
53 creatures vanquished.

Notes
Turn   | Place    | Note
-------+----------+-------------------------------------------
     0 | D:1      | JustSomeDude the Demonspawn Fighter began the quest for the Orb.
     0 | D:1      | Reached XP level 1. HP: 18/18 MP: 1/1
   252 | D:1      | Gained mutation: Your flesh is heat resistant. (rF+) [demonic ancestry]
   252 | D:1      | Reached XP level 2. HP: 20/24 MP: 2/2
   311 | D:1      | Reached skill level 3 in Armour
   635 | D:1      | Gained mutation: You are partially covered in sharp spines. [demonic ancestry]
   635 | D:1      | Reached XP level 3. HP: 29/29 MP: 3/3
  1194 | D:2      | Reached XP level 4. HP: 35/35 MP: 4/4
  1265 | D:3      | Noticed inmateoo's ghost (amateur DrFi)
  1351 | D:3      | Reached skill level 1 in Dodging
  1423 | D:3      | Gained mutation: You have a pair of small horns on your head. [demonic ancestry]
  1423 | D:3      | Reached XP level 5. HP: 35/41 MP: 5/5
  1514 | D:3      | Noticed a sky beast
  1530 | D:3      | Killed a sky beast
  1530 | D:3      | Reached skill level 4 in Armour
  1876 | D:3      | Slain by inmateoo's ghost

Vault maps used:
D:1:      ncdulo_watergridlock, roderic_bipointed_swastika,
          nrook_mini_backslash, minmay_surrounded
D:2:      minmay_ruptured
D:3:      first_bread

Skill      XL: |  1  2  3  4  5 |
---------------+----------------+-----
Armour         | 3 4 |  4.0
Shields        | 3 |  3.6
Polearms       | 2 |  2.9
Dodging        | 1 |  1.2
Fighting       | |  3.7

Action                   |  1- 3 |  4- 6 || total
-------------------------+-------+-------++-------
Melee: Trident           |    97 |    63 ||   160
       Headbutt          |       |     3 ||     3
  Eat: Chunk             |     1 |     2 ||     3
Armor: Scale mail        |    31 |    20 ||    51
Dodge: Dodged            |    14 |     8 ||    22
Block: Shield            |    32 |    14 ||    46
